[Event "Late-Titled-Tuesday-Blitz-June-04-2024"]
[Site "Chess.com"]
[Date "2024.06.04"]
[Round "1"]
[White "HansOnTwitch"]
[Black "Squirlolz"]
[Result "1-0"]
[WhiteElo "3126"]
[BlackElo "2521"]
[TimeControl "180+1"]
[EndTime "14:06:37 PDT"]
[Termination "HansOnTwitch won by resignation"]

1. e3 d5 2. Nf3 Nf6 3. c4 c6 4. Nc3 e6 5. b3 Bd6 6. Bb2 O-O 7.
Be2 a6 8. d4 b5 9. O-O Nbd7 10.
Qc2 bxc4 11. bxc4 Rb8 12. Rab1 dxc4 13. Bxc4 Qe7 14. Ng5 h6 15. Nge4 c5 16. Nxd6 Qxd6 17. Ba3 Bb7 18. Rfd1 Rfc8 19. f3 Qc7 20. dxc5 Nxc5 21.
Rbc1 Qb6 22. Qe2 Qa7 23. Bb2 Ba8 24. Ba1 Rd8 25. h3 Qe7 26. Rxd8+ Rxd8 27. Rd1 a5 28. Nb5 Rxd1+ 29. Qxd1 Bd5 30. Qd4 Bxc4 31. Qxc4 Ncd7 32. Bb2 Qc5 33. Qxc5 Nxc5 34. Kf1 Nd5 35. Ke2 Nb4 36. a3 Nc6 37. Kd2 f6 38. Kc3 Kf7 39. Kc4 Nd7 40. Nd6+ Ke7 41. Nb7 Nce5+ 42. Kb5 Nd3 43. Bc3 e5 44. Kxa5 f5 45. Kb5 g5 46. a4 f4 47.
e4 h5 48. a5 Nb8 49. Nc5 Nxc5 50. Kxc5 Ke6 51. Kb6 g4 52. hxg4 hxg4 53. fxg4 Kf6 54. Kb7 Nd7 55. Kc6 Nb8+ 56. Kb7 Nd7 57. Bb4 Kg5 58. a6 1-0

[Event "Late-Titled-Tuesday-Blitz-June-04-2024"]
[Site "Chess.com"]
[Date "2024.06.04"]
[Round "1"]
[White "GMG"]
[Black "drdaro"]
[Result "1-0"]
[WhiteElo "2703"]
[BlackElo "2384"]
[TimeControl "180+1"]
[EndTime "14:06:39 PDT"]
[Termination "GMG won by resignation"]

1. d4 d6 2. Nf3 g6 3. g3 Bg7 4. Bg2 Nf6 5. c4 O-O 6. O-O c6 7. Nc3 Nbd7 8. e4 Qc7 9. Be3 e5 10. h3 Rd8 11. d5 c5 12. Ne1 a6 13. Nd3 Re8 14. Rb1 Rb8 15. b4 cxb4 16. Rxb4 b5 17.
Qb3 bxc4 18. Rxc4 Qa5 19. Qa4 Qd8 20. Nb4 Nb6 21. Bxb6 Qxb6 22. Nc6 Ra8 23. Rb1 Qc7 24. Nxe5 Qe7 25. Nc6 Qf8 26. Qa5 Nd7 27. Na4 Ne5 28.
Nxe5 Rxe5 29. Nb6 Rb8 30. Rbc1 Qd8 31. Rxc8 Rxc8 32. Rxc8 1-0

[Event "Late-Titled-Tuesday-Blitz-June-04-2024"]
[Site "Chess.com"]
[Date "2024.06.04"]
[Round "1"]
[White "Pelusiansky"]
[Black "Rital44"]
[Result "0-1"]
[WhiteElo "2387"]
[BlackElo "2706"]
[TimeControl "180+1"]
[EndTime "14:06:42 PDT"]
[Termination "Rital44 won by checkmate"]

1. d4 f5 2. c4 Nf6 3. Nc3 d6 4. g3 g6 5. Bg2 Bg7 6. Nf3 O-O 7.
O-O Qe8 8. Re1 Qf7 9. d5 a5 10.
h4 Ne4 11. Qc2 Nxc3 12. bxc3 h6 13. Be3 Na6 14. Bd4 Nc5 15. Bxg7 Qxg7 16. e3 e5 17.
dxe6 Bxe6 18. Nd2 c6 19. Rab1 g5 20. hxg5 hxg5 21. Nb3 Bxc4 22. Nxc5 dxc5 23. Rb6 Rad8 24. Bf1 Bd5 25. Bg2 f4 26. Bxd5+ cxd5 27. Qb3 fxg3 28.
fxg3 Qe5 29. Kg2 Qe4+ 30. Kh3 g4+ 31. Kh2 Rf2+ 32. Kg1 Qg2# 0-1

[Event "Late-Titled-Tuesday-Blitz-June-04-2024"]
[Site "Chess.com"]
[Date "2024.06.04"]
[Round "1"]
[White "rionelG"]
[Black "MKlose11"]
[Result "0-1"]
[WhiteElo "2298"]
[BlackElo "2610"]
[TimeControl "180+1"]
[EndTime "14:06:43 PDT"]
[Termination "MKlose11 won by resignation"]

1. e4 e6 2. d4 d5 3. Nd2 Be7 4. c3 c5 5. Ngf3 dxe4 6. Nxe4 cxd4 7.
Nxd4 Nf6 8. Bd3 Nxe4 9. Bxe4 O-O 10. O-O Nd7 11. Re1 Nf6 12. Bf3 a6 13. Bf4 Qb6 14. Qb3 Qxb3 15. Nxb3 Ra7 16. Be3 Ra8 17. Bf4 a5 18. a4 Ra6 19. Be2 Rb6 20. Nxa5 Rxb2 21. Rab1 Rxb1 22. Rxb1 Nd5 23. Bd2 b6 24. Nc6 Bc5 25.
c4 Nf6 26. Bb4 Bd7 27. Bf3 Rc8 28. Bxc5 Bxc6 29. Bxc6 Rxc6 30. Bxb6 Rxc4 31. a5 h5 32. h3 Ra4 33. Rc1 Nd5 34. Rc8+ Kh7 35. Kh2 h4 36. Ra8 Nxb6 0-1

[Event "Late-Titled-Tuesday-Blitz-June-04-2024"]
[Site "Chess.com"]
[Date "2024.06.04"]
[Round "1"]
[White "NajdorfPlayerc5"]
[Black "AradNazari"]
[Result "1-0"]
[WhiteElo "2435"]
[BlackElo "2731"]
[TimeControl "180+1"]
[EndTime "14:06:44 PDT"]
[Termination "NajdorfPlayerc5 won by checkmate"]

1. e4 c5 2. Nf3 d6 3. d4 cxd4 4. Nxd4 Nf6 5. Nc3 a6 6. Be3 e5 7. Nb3 Be7 8. f3 Be6 9. Qd2 Nbd7 10. O-O-O b5 11. g4 b4 12. Nd5 Bxd5 13. exd5 Nb6 14. Qxb4 Nfxd5 15. Bxb6 Qxb6 16. Qa4+ Kf8 17. Rxd5 Qe3+ 18. Rd2 Qxf3 19. Bg2 Qe3 20. Bxa8 Bg5 21. Qd7 g6 22. Rf1 f6 23. Qxd6+ Kg7 24. Bg2 a5 25. h4 Bxh4 26. Qe7+ Kh6 27. Rh1 Qg3 28. Be4 Kg5 29. Rf1 Kh6 30. Rd7 Qe3+ 31. Nd2 Be1 32. Qg7+ Kg5 33. Qxf6+ Kxg4 34. Qf3+ Qxf3 35. Bxf3+ Kg3 36.
Rxe1 h5 37. Rg7 Rh6 38. Bxh5 Rxh5 39. Rxg6+ Kf2 40. Rd1 Ke2 41. Re6 a4 42. Nc4 Rh4 43. Rxe5+ Kf2 44. Nb6 a3 45. bxa3 Rh6 46. Nc4 Kf3 47.
Kb2 Rc6 48. Rd3+ Kf4 49. Kb3 Rc8 50. a4 Rb8+ 51. Rb5 Re8 52. a5 Re6 53. Kb4 Re1 54.
a6 Ra1 55. Ra3 Rb1+ 56. Kc5 Rd1 57. a7 Rd8 58. a8=Q Rd7 59. Qf8+ Ke4 60. Re3# 1-0

[Event "Late-Titled-Tuesday-Blitz-June-04-2024"]
[Site "Chess.com"]
[Date "2024.06.04"]
[Round "1"]
[White "Josetricks"]
[Black "Chessgod9oninsta"]
[Result "1-0"]
[WhiteElo "2417"]
[BlackElo "2704"]
[TimeControl "180+1"]
[EndTime "14:06:44 PDT"]
[Termination "Josetricks won by checkmate"]

1. e4 e5 2. Nc3 Nf6 3. Bc4 Nxe4 4. Qh5 Nd6 5. Qxe5+ Qe7 6. Qxe7+ Bxe7 7. Bb3 O-O 8.
Nf3 c6 9. O-O Nf5 10. d4 d5 11.
Ne2 Bf6 12. c3 Nd7 13. Bc2 Nb6 14. a4 Re8 15. Ng3 Nxg3 16. hxg3 Nc4 17. b3 Nd6 18. Ba3 Ne4 19. Rfe1 Bf5 20. Bxe4 Bxe4 21. Nd2 Bc2 22. Bd6 b6 23. Rac1 Bd3 24. b4 h5 25. a5 bxa5 26. bxa5 Bb5 27. Nb3 Rxe1+ 28. Rxe1 g6 29. Nc5 Rd8 30. Bc7 Rc8 31. Be5 Re8 32. f3 Bd8 33. Nb7 Bc7 34. Kf2 Bxe5 35. Rxe5 Kf8 36. Ke3 Rxe5+ 37. dxe5 Ke7 38. g4 h4 39. Nc5 f6 40.
exf6+ Kxf6 41. Nd7+ Ke7 42. Ne5 g5 43. f4 gxf4+ 44.
Kxf4 c5 45. Ng6+ Kd6 46. Nxh4 d4 47. Nf5+ Kd5 48. cxd4 cxd4 49. g5 Kc4 50. Nd6+ Kb3 51.
Nxb5 d3 52. Ke3 Kc2 53. Nd4+ Kc3 54. Nf3 Kb4 55. g6 Kxa5 56. g7 Kb4 57. g8=Q a5 58. Qa2 a4 59. Nd2 Kc3 60. Qxa4 Kb2 61.
Qb3+ Kc1 62. Qb1# 1-0

[Event "Late-Titled-Tuesday-Blitz-June-04-2024"]
[Site "Chess.com"]
[Date "2024.06.04"]
[Round "1"]
[White "tactic"]
[Black "HanSchut"]
[Result "1/2-1/2"]
[WhiteElo "2575"]
[BlackElo "2266"]
[TimeControl "180+1"]
[EndTime "14:06:45 PDT"]
[Termination "Game drawn by repetition"]

1. e4 c5 2. c3 g6 3. d4 cxd4 4. cxd4 d5 5. e5 Nc6 6. Nf3 Bg4 7. Bb5 Rc8 8. h3 Bxf3 9. Qxf3 e6 10. O-O a6 11. Bxc6+ Rxc6 12. Bf4 Nh6 13. Nc3 Nf5 14. Rad1 h5 15. Ne2 Qb6 16. b3 Bb4 17. Qd3 Qb5 18. Qxb5 axb5 19. g4 hxg4 20. hxg4 Nh4 21. Rd3 Be7 22.
Nc3 b4 23. Nd1 Rc2 24. Ne3 Rxa2 25. Rc1 Kd7 26. Bg3 Nf3+ 27. Kg2 Ng5 28. Bf4 Ne4 29.
Nd1 Bh4 30. Be3 Rc8 31. Rxc8 Kxc8 32. Kf3 Kd7 33. Kg2 b5 34. Kf1 Rc2 35. f3 Nc3 36. Nxc3 bxc3 37. b4 Be7 38. Rd1 Bxb4 39. Rb1 Ra2 40.
Rxb4 c2 41. Rxb5 Ra1+ 42. Ke2 c1=Q 43. Bxc1 Rxc1 44. Rb7+ Ke8 45. Ke3 g5 46. Kf2 Kf8 47. Ke3 Kg7 48. Ke2 Rc3 49. Rd7 Ra3 50. Rb7 Rc3 51. Rd7 Ra3 52. Rb7 Rc3 1/2-1/2

[Event "Late-Titled-Tuesday-Blitz-June-04-2024"]
[Site "Chess.com"]
[Date "2024.06.04"]
[Round "1"]
[White "baki83"]
[Black "Pitomina"]
[Result "1-0"]
[WhiteElo "2906"]
[BlackElo "2486"]
[TimeControl "180+1"]
[EndTime "14:06:46 PDT"]
[Termination "baki83 won by resignation"]

1. e4 e5 2. Nf3 Nc6 3. Bb5 Nf6 4. O-O Nxe4 5. d4 Nd6 6. Bxc6 dxc6 7. dxe5 Nf5 8.
Qxd8+ Kxd8 9. h3 h5 10. Nc3 Ke8 11. Bf4 h4 12. Rad1 Be6 13. Ng5 Rh6 14. a3 Be7 15. Nxe6 Rxe6 16. Rfe1 Rd8 17. Rxd8+ Bxd8 18. Ne4 Be7 19.
c3 c5 20. g4 hxg3 21. fxg3 b6 22. Kg2 a5 23. h4 a4 24. Kf3 Kd7 25. h5 Nh6 26. g4 Ng8 27. g5 Kc6 28. c4 Bf8 29. Nc3 Ne7 30. Kg4 Ng8 31. Rf1 Re7 32. Bg3 Rd7 33.
Nd5 b5 34. e6 fxe6 35. Rxf8 exd5 36. cxb5+ Kxb5 37. Rxg8 d4 38. Be1 Kc4 39. h6 gxh6 40. gxh6 Kd3 41. Rg7 Rd8 42. h7 Ke2 43. Rg8 1-0

[Event "Late-Titled-Tuesday-Blitz-June-04-2024"]
[Site "Chess.com"]
[Date "2024.06.04"]
[Round "1"]
[White "2346PL"]
[Black "shirovin"]
[Result "1-0"]
[WhiteElo "2539"]
[BlackElo "2100"]
[TimeControl "180+1"]
[EndTime "14:06:47 PDT"]
[Termination "2346PL won on time"]

1. d4 f5 2. e4 fxe4 3. Nc3 Nf6 4. Bg5 e6 5. f3 d5 6. fxe4 dxe4 7.
Bxf6 Qxf6 8. Nxe4 Qg6 9. Ng3 Bd6 10. Qd3 Bxg3+ 11. hxg3 Qxd3 12. Bxd3 Nc6 13. c3 h6 14. Bg6+ Ke7 15. Nf3 Bd7 16. O-O Rhf8 17. Rae1 Rf6 18.
Bd3 Raf8 19. b4 a6 20. a4 Kd8 21. b5 axb5 22. axb5 Ne7 23. Ne5 Nd5 24. c4 Nb6 25. Rf3 Rxf3 26. gxf3 Be8 27. f4 Nd7 28. Ra1 Nxe5 29.
dxe5 Ke7 30. Ra7 Bd7 31. Rxb7 Rc8 32. c5 Be8 33. c6 1-0

[Event "Late-Titled-Tuesday-Blitz-June-04-2024"]
[Site "Chess.com"]
[Date "2024.06.04"]
[Round "1"]
[White "cristiano78"]
[Black "HalfIsCrayfish"]
[Result "1-0"]
[WhiteElo "2241"]
[BlackElo "2548"]
[TimeControl "180+1"]
[EndTime "14:06:48 PDT"]
[Termination "cristiano78 won by resignation"]

1. d4 Nf6 2. c4 g6 3. Nc3 d5 4. Bf4 Bg7 5. e3 O-O 6. Nf3 c5 7. dxc5 dxc4 8. Bxc4 Qa5 9. O-O Qxc5 10. Bb3 Nc6 11.
Rc1 Qh5 12. h3 Rd8 13. Qe2 Bf5 14. Rfd1 Na5 15. Ne5 Nxb3 16. Qxh5 Nxh5 17. axb3 Nxf4 18. exf4 Be6 19. b4 Bb3 20. Rxd8+ Rxd8 21. Ne4 f6 22. Nf3 f5 23. Nc5 Bd5 24. Ne5 Rc8 25. Rd1 e6 26.
g4 b6 27. Ncd7 Rc2 28. Ra1 Rc7 29. b5 Bh6 30. g5 Bg7 31. h4 Be4 32. Nf6+ Bxf6 33.
gxf6 Bd5 34. f7+ Kg7 35. Kh2 Kf8 36. h5 Bf3 37. hxg6 hxg6 38. Ra3 Bh5 39. Rd3 Rc8 40. Rd7 Kg7 41. Rxa7 Rf8 42. Kg3 g5 43. fxg5 Bg6 44.
Kf4 Rh8 45. f8=Q+ Kxf8 46. Nxg6+ 1-0

[Event "Late-Titled-Tuesday-Blitz-June-04-2024"]
[Site "Chess.com"]
[Date "2024.06.04"]
[Round "1"]
[White "Michalczak"]
[Black "artin10862"]
[Result "1/2-1/2"]
[WhiteElo "2513"]
[BlackElo "2965"]
[TimeControl "180+1"]
[EndTime "14:06:50 PDT"]
[Termination "Game drawn by repetition"]

1. e4 e6 2. d4 d5 3. Nc3 Bb4 4.
e5 c5 5. a3 Bxc3+ 6. bxc3 Ne7 7. Qg4 Qc7 8. Qxg7 Rg8 9. Qxh7 cxd4 10. Ne2 dxc3 11. f4 Nbc6 12. Qd3 d4 13. Nxd4 Nxd4 14. Qxd4 Bd7 15. Rg1 Nf5 16. Qf2 O-O-O 17. Qxa7 Bc6 18. Be3 Nxe3 19. Qxe3 Rd2 20. Qxc3 Rd5 21. g3 Qb6 22. Rg2 Rgd8 23. Rf2 Kb8 24. a4 Qa7 25. a5 Rc8 26. Qb3 Ka8 27. Qb6 Rc5 28. Qxa7+ Kxa7 29. Bd3 Bd5 30. g4 Rg8 31. g5 Rh8 32. Kd2 Rh4 33. a6 b5 34. Rg1 Kxa6 35. g6 fxg6 36. Rxg6 Ka5 37. Rg8 Rc7 38. Rb8 Bc6 39. Ke3 Rh3+ 40. Kd2 Rh4 41. Rd8 Bd5 42. Rb8 Bc6 1/2-1/2

[Event "Late-Titled-Tuesday-Blitz-June-04-2024"]
[Site "Chess.com"]
[Date "2024.06.04"]
[Round "1"]
[White "Engima32"]
[Black "SaraciNderim"]
[Result "0-1"]
[WhiteElo "2473"]
[BlackElo "2899"]
[TimeControl "180+1"]
[EndTime "14:06:50 PDT"]
[Termination "SaraciNderim won by resignation"]

1. d4 Nf6 2. Nf3 g6 3. g3 Bg7 4. Bg2 b5 5. O-O Bb7 6. a4 b4 7. c3 bxc3 8. Nxc3 O-O 9. Bf4 d6 10.
Rc1 Nbd7 11. Qc2 c5 12. dxc5 Nxc5 13. b4 Ne6 14. Be3 Rc8 15. Qb3 a6 16. Rfd1 Ng4 17.
Bd2 Bxf3 18. Bxf3 Nd4 19. Qd5 e6 20. Qb7 Ne5 21. Bg2 Nb3 22. Rc2 Nxd2 23. Rdxd2 Nc4 24. Rd3 d5 25. Nxd5 exd5 26. Bxd5 Nd6 27. Qxa6 Rxc2 28.
b5 Rxe2 29. b6 Qf6 30. Rf3 Re1+ 31. Kg2 Qe5 32. Qa5 Rd1 33. b7 Qxd5 34. Qb6 Qxb7 35. Qe3 0-1

[Event "Late-Titled-Tuesday-Blitz-June-04-2024"]
[Site "Chess.com"]
[Date "2024.06.04"]
[Round "1"]
[White "TheSilmarils"]
[Black "db-banana"]
[Result "1-0"]
[WhiteElo "2880"]
[BlackElo "2469"]
[TimeControl "180+1"]
[EndTime "14:06:50 PDT"]
[Termination "TheSilmarils won by resignation"]

1. Nf3 Nf6 2. c4 e6 3. Nc3 c5 4. g3 Nc6 5. Bg2 Be7 6. O-O d5 7.
cxd5 exd5 8. d4 O-O 9. dxc5 Bxc5 10. Na4 Bb4 11. Be3 Re8 12. Bc5 Bxc5 13. Nxc5 Ne4 14. Rc1 Bg4 15. Nb3 Rc8 16. h3 Bh5 17. g4 Bg6 18.
Nfd4 Qb6 19. e3 a5 20. Nxc6 bxc6 21. Qd4 Qxd4 22. Nxd4 c5 23. Ne2 Red8 24. Rfd1 Rb8 25. b3 a4 26. bxa4 Rb2 27. Nf4 Nxf2 28. Rxd5 Rxd5 29. Bxd5 Nd3 30. Nxd3 Bxd3 31. Rxc5 g5 32. a5 Rb4 33. Rc3 Be2 34. Ra3 Rb5 35. a6 Rxd5 36.
a7 Rd1+ 37. Kf2 1-0

[Event "Late-Titled-Tuesday-Blitz-June-04-2024"]
[Site "Chess.com"]
[Date "2024.06.04"]
[Round "1"]
[White "pirulillo"]
[Black "Jagerrmeisterr"]
[Result "0-1"]
[WhiteElo "2354"]
[BlackElo "2670"]
[TimeControl "180+1"]
[EndTime "14:06:50 PDT"]
[Termination "Jagerrmeisterr won by resignation"]

1. e4 c6 2. Nc3 d5 3. Nf3 dxe4 4. Nxe4 Nf6 5. Qe2 Bg4 6. Nxf6+ gxf6 7. h3 Bh5 8. g4 Bg6 9. d3 Qc7 10. Bg2 Nd7 11. Nh4 O-O-O 12. f4 e6 13. O-O f5 14. gxf5 exf5 15. b4 Bxb4 16. Be3 Rhe8 17. Qf2 Nb6 18. Rab1 Bc3 19. Rxb6 axb6 20. Bxb6 Qxb6 21. Qxb6 Bd4+ 22. Qxd4 Rxd4 23. Rf2 Re1+ 24. Kh2 Ra1 25. Nf3 Rxf4 26. Kg3 Ra4 27. Ne5 R1xa2 28. d4 Rxd4 29. Nxg6 fxg6 30. Kh2 Rc4 0-1

[Event "Late-Titled-Tuesday-Blitz-June-04-2024"]
[Site "Chess.com"]
[Date "2024.06.04"]
[Round "1"]
[White "RebecaJimnz"]
[Black "DirtyKabab"]
[Result "0-1"]
[WhiteElo "2268"]
[BlackElo "2586"]
[TimeControl "180+1"]
[EndTime "14:06:51 PDT"]
[Termination "DirtyKabab won by resignation"]

1. e4 e6 2. d3 d5 3. Nd2 a5 4. Ngf3 a4 5. a3 c5 6. g3 Nc6 7.
Bg2 g6 8. O-O Bg7 9. Re1 Nge7 10.
c3 O-O 11. e5 b6 12. h4 Ba6 13. Nf1 Qd7 14. N1h2 Na5 15. Ng4 Nb3 16. Rb1 Nxc1 17. Qxc1 f5 18. exf6 Bxf6 19. Nxf6+ Rxf6 20. Ne5 Qd6 21. Ng4 Rff8 22. Bh3 Nf5 23. Nh6+ Kg7 24. Nxf5+ exf5 25. Qd2 Rae8 26. Bg2 f4 27. Rxe8 Rxe8 28. d4 fxg3 29. dxc5 Qxc5 30. Qxd5 gxf2+ 31. Kh1 Qxd5 32. Bxd5 f1=Q+ 0-1

[Event "Late-Titled-Tuesday-Blitz-June-04-2024"]
[Site "Chess.com"]
[Date "2024.06.04"]
[Round "1"]
[White "Dedic8"]
[Black "mortngabriel"]
[Result "1-0"]
[WhiteElo "2920"]
[BlackElo "2494"]
[TimeControl "180+1"]
[EndTime "14:06:52 PDT"]
[Termination "Dedic8 won on time"]

1. d4 Nf6 2. c4 e6 3. Nc3 Bb4 4. e3 O-O 5. Bd3 d5 6. a3 Bxc3+ 7. bxc3 dxc4 8. Bxc4 c5 9. Ne2 Qc7 10. Bd3 Nbd7 11.
O-O e5 12. e4 cxd4 13. cxd4 exd4 14. Nxd4 Ne5 15. Bc2 b6 16. Nb5 Qc6 17. a4 Bb7 18. Qe2 Rfd8 19. f3 a6 20. Na3 Rac8 21. Be3 Nc4 22.
Nxc4 Qxc4 23. Qxc4 Rxc4 24. Bxb6 Rdc8 25. Bb3 Rb4 26.
Rab1 Rxb6 27. Bxf7+ Kxf7 28. Rxb6 Rc7 29. Rbb1 Nd7 30.
Rfc1 Bc6 31. Kf2 Ke6 32. Ke3 Ne5 33. Rc5 1-0

[Event "Late-Titled-Tuesday-Blitz-June-04-2024"]
[Site "Chess.com"]
[Date "2024.06.04"]
[Round "1"]
[White "BashiqChess"]
[Black "Kacparov"]
[Result "0-1"]
[WhiteElo "2486"]
[BlackElo "2913"]
[TimeControl "180+1"]
[EndTime "14:06:52 PDT"]
[Termination "Kacparov won on time"]

1. Nf3 d5 2. b3 c5 3. e3 Nc6 4.
Bb2 Bg4 5. Bb5 e6 6. h3 Bxf3 7.
Bxc6+ bxc6 8. Qxf3 Nf6 9. d3 Be7 10. Nd2 O-O 11. O-O Nd7 12. c4 Bf6 13. Bxf6 Nxf6 14.
Rac1 Qa5 15. Qe2 Qxa2 16. cxd5 cxd5 17. Rxc5 h6 18. Rfc1 Rab8 19. Qd1 Qa6 20. Nf3 Qb6 21. Nd2 Nd7 22. Rc7 Ne5 23. R7c3 d4 24. exd4 Qxd4 25.
Nf3 Nxf3+ 26. Qxf3 Rbd8 27. Rc7 Qxd3 28. Rxa7 Qxf3 29.
gxf3 Rd3 30. Rb1 Rxf3 31. b4 Rb8 32. b5 Rb6 33. Kg2 Rf5 34. Ra5 g5 35. Kg3 Kg7 36.
f3 Kg6 37. Rb3 Rc5 38. h4 f6 39. hxg5 hxg5 40. f4 gxf4+ 41. Kxf4 Rc4+ 42. Kf3 Kf5 43.
Ra6 Rxa6 44. bxa6 Ra4 45. Rb5+ e5 46. Rb6 Ra3+ 47. Ke2 Kg5 48. Kf2 f5 49. Ke2 Kf4 50.
Rb4+ e4 51. Rb6 Ra2+ 52. Ke1 Kf3 53. Kd1 e3 0-1

[Event "Late-Titled-Tuesday-Blitz-June-04-2024"]
[Site "Chess.com"]
[Date "2024.06.04"]
[Round "1"]
[White "LikeWater"]
[Black "i_like_explosions"]
[Result "0-1"]
[WhiteElo "2733"]
[BlackElo "2436"]
[TimeControl "180+1"]
[EndTime "14:06:52 PDT"]
[Termination "i_like_explosions won by resignation"]

1. e4 c5 2. Nf3 Nc6 3. Bc4 e6 4. O-O a6 5. Re1 b5 6. Bf1 Nge7 7. c3 d5 8. exd5 Nxd5 9. d4 Be7 10. a4 b4 11. c4 Nf6 12. Be3 cxd4 13. Nxd4 Nxd4 14.
Qxd4 O-O 15. Nd2 Qc7 16. Bf4 Qc6 17. Nb3 Bb7 18. Na5 Qc8 19. Qb6 Be4 20. Qe3 Bc5 21.
Qe2 Rd8 22. Rad1 Bb6 23. Nb3 Qc6 24. Bg5 Bg6 25. c5 Bc7 26. Nd4 Qxa4 27. Nxe6 fxe6 28. Bxf6 gxf6 29. Qxe6+ Bf7 30. Qe7 Rxd1 31. Re4 Re8 32. Rg4+ Bg6 33. Qxe8+ Qxe8 0-1

[Event "Late-Titled-Tuesday-Blitz-June-04-2024"]
[Site "Chess.com"]
[Date "2024.06.04"]
[Round "1"]
[White "ACH19"]
[Black "GlavkonVVS"]
[Result "1-0"]
[WhiteElo "2247"]
[BlackElo "2557"]
[TimeControl "180+1"]
[EndTime "14:06:52 PDT"]
[Termination "ACH19 won by resignation"]

1. e4 Nf6 2. e5 Nd5 3. d4 d6 4. Nf3 Bg4 5. Be2 e6 6. O-O Be7 7. c4 Nb6 8. exd6 cxd6 9. b3 O-O 10. Nbd2 d5 11. c5 Nc8 12. Bb2 Nc6 13. h3 Bf5 14. a3 b6 15. b4 bxc5 16. dxc5 Rb8 17.
Ne5 Qc7 18. Nxc6 Qxc6 19. Bd4 a5 20. b5 Rxb5 21. Bxb5 Qxb5 22. Qc1 Na7 23. Nf3 Rc8 24. Qe3 Nc6 25. Rac1 Be4 26. Ne5 Nxd4 27. Qxd4 Rxc5 28. Rxc5 Bxc5 29. Rc1 Bc2 30. Qc3 f6 31. Qxc2 fxe5 32. Qxc5 Qe2 33. Qc8+ Kf7 34. Rc7+ Kf6 35. Qf8+ Kg6 36.
Rxg7+ Kh5 37. Rxh7+ 1-0

[Event "Late-Titled-Tuesday-Blitz-June-04-2024"]
[Site "Chess.com"]
[Date "2024.06.04"]
[Round "1"]
[White "Kielinkei"]
[Black "JoakimVonAnd"]
[Result "0-1"]
[WhiteElo "2432"]
[BlackElo "2774"]
[TimeControl "180+1"]
[EndTime "14:06:53 PDT"]
[Termination "JoakimVonAnd won by resignation"]

1. c4 c6 2. Nf3 d5 3. e3 Nf6 4. b3 Bf5 5. Bb2 e6 6. Nc3 Nbd7 7. d4 Bd6 8. Bd3 Bg6 9. O-O Ne4 10.
Qc2 f5 11. Ne2 Qf6 12. a4 Bh5 13. Ng3 Bxf3 14. gxf3 Ng5 15. f4 Nf3+ 16. Kg2 Nh4+ 17. Kh1 g5 18. fxg5 Qxg5 19. Rg1 Qh6 20. Qe2 Nf6 21.
f3 O-O-O 22. cxd5 Nxd5 23. Rae1 Rdg8 24. Qf2 f4 25. exf4 Nxf4 26. Bf1 Rg6 27. d5 Rhg8 28. dxc6 Nf5 29. Qxa7 Qxh2+ 30. Kxh2 Rh6+ 0-1

[Event "Late-Titled-Tuesday-Blitz-June-04-2024"]
[Site "Chess.com"]
[Date "2024.06.04"]
[Round "1"]
[White "momotaro77"]
[Black "Hikaru"]
[Result "0-1"]
[WhiteElo "2523"]
[BlackElo "3224"]
[TimeControl "180+1"]
[EndTime "14:06:54 PDT"]
[Termination "Hikaru won by resignation"]

1. e4 c6 2. d4 d5 3. exd5 cxd5 4. Bd3 Nc6 5. c3 g6 6. Bf4 Bg7 7. Nf3 Bg4 8. Nbd2 e6 9. O-O Nge7 10. h3 Bf5 11.
Be2 f6 12. Bh2 g5 13. Re1 O-O 14. Nf1 Qc8 15. Bd3 Bxd3 16. Qxd3 Ng6 17. Re2 Qd7 18.
Rae1 Rae8 19. Ne3 Re7 20. Ng4 Rfe8 21. b4 Nd8 22. c4 dxc4 23. Qxc4 Nf7 24. Nd2 h5 25. Ne3 f5 26. Nb3 b6 27. Nd1 f4 28. f3 Nd6 29. Qd3 Nf5 30. Kh1 Ngh4 31. Re4 e5 32. d5 Nd6 33. Nc3 g4 34. Nd2 g3 35. Bg1 Ndf5 36. Nc4 Nxg2 37. Kxg2 Nh4+ 38. Kf1 Qxh3+ 39. Ke2 Qg2+ 40. Kd1 Nxf3 41. R4e2 Nxe1 42. Rxe1 e4 43. Qf1 Qxf1 44. Rxf1 Bxc3 45. Rxf4 e3 46.
Ke2 Rf7 47. Rxf7 Kxf7 48. Nd6+ Ke7 49. Nxe8 Kxe8 50. Bxe3 Bxb4 51. Kf3 Bd6 52. Bg5 Be7 0-1

[Event "Late-Titled-Tuesday-Blitz-June-04-2024"]
[Site "Chess.com"]
[Date "2024.06.04"]
[Round "1"]
[White "Bob_2004"]
[Black "KVAIDAN"]
[Result "1-0"]
[WhiteElo "2637"]
[BlackElo "2336"]
[TimeControl "180+1"]
[EndTime "14:06:54 PDT"]
[Termination "Bob_2004 won by resignation"]

1. d4 e6 2. c4 f5 3. g3 Nf6 4. Bg2 Be7 5. Nc3 O-O 6. Nh3 d6 7. O-O e5 8. dxe5 dxe5 9. Qc2 c6 10. e4 Na6 11. exf5 Nb4 12. Qe2 Bxf5 13. Qxe5 Nd7 14.
Qe2 Bd3 15. Qe6+ Kh8 16. Rd1 Nc5 17. Qe5 Bd6 18. Qh5 Bg6 19. Qg5 Nc2 20. Rb1 Nb4 21.
Be3 Bxb1 22. Rxd6 Qxd6 23. Bxc5 Qd3 24. Bxb4 Rf5 25. Be4 Rxg5 26. Bxd3 Bxd3 27. Nxg5 Bxc4 28. f4 a5 29. Bd6 b5 30. a3 h6 31. Nge4 Re8 32.
Kf2 Kh7 33. Ke3 Bd5 34. Be5 Be6 35. Kd4 b4 36. axb4 axb4 37. Na4 Ra8 38. Nb6 Ra1 39. Kc5 Rc1+ 40. Kxb4 Bd5 41. Nc3 Bf3 42. Nc4 Rh1 43. h4 Rg1 44. f5 Bg4 45. Ne3 Bf3 46. Kc5 Re1 47. Bf4 Rh1 48. b4 Rh2 49. Na4 Ra2 50. Nb6 Be4 51. Nbc4 Bf3 52. Ne5 Ra1 53. Nxf3 Rc1+ 54. Kb6 Rc3 55. Nd4 Kg8 56. Nxc6 Kf7 57. b5 1-0

[Event "Late-Titled-Tuesday-Blitz-June-04-2024"]
[Site "Chess.com"]
[Date "2024.06.04"]
[Round "1"]
[White "MrEscacs"]
[Black "Semetey"]
[Result "0-1"]
[WhiteElo "2134"]
[BlackElo "2543"]
[TimeControl "180+1"]
[EndTime "14:06:54 PDT"]
[Termination "Semetey won by resignation"]

1. e4 c6 2. d4 d5 3. Nc3 dxe4 4. Nxe4 Nf6 5. Nxf6+ exf6 6. c3 Bd6 7. Bd3 h5 8.
Qc2 h4 9. Ne2 h3 10. g3 Bg4 11.
Be3 Bf3 12. Rg1 Qa5 13. a3 Nd7 14. O-O-O g6 15. Rde1 O-O-O 16. Kb1 f5 17. c4 Rde8 18. Nc3 Kb8 19. Rc1 Ka8 20. Rge1 Nf6 21. d5 cxd5 22. Nxd5 Nxd5 23. cxd5 Bxd5 24. Bd4 Rhg8 25.
Bc3 Qb6 26. Rxe8+ Rxe8 27. Ka1 a6 28. Qd1 Bb3 29. Qd2 Be6 30. Qc2 Rc8 31. Re1 Bc5 32. Re2 Qd6 33. Rd2 Qd5 34. Qb1 Qf3 35. Be2 Qc6 36. Bd3 Bxa3 37. bxa3 Qxc3+ 38. Rb2 Qxa3+ 0-1

[Event "Late-Titled-Tuesday-Blitz-June-04-2024"]
[Site "Chess.com"]
[Date "2024.06.04"]
[Round "1"]
[White "Polish_fighter3000"]
[Black "CDOEspiao"]
[Result "1-0"]
[WhiteElo "3072"]
[BlackElo "2517"]
[TimeControl "180+1"]
[EndTime "14:06:55 PDT"]
[Termination "Polish_fighter3000 won by resignation"]

1. e4 c5 2. a3 Nf6 3. e5 Nd5 4. Nc3 e6 5. Nxd5 exd5 6. Qf3 Nc6 7. Qxd5 Qc7 8. Nf3 d6 9. Bb5 Be6 10. Qe4 d5 11. Qf4 Be7 12. O-O O-O 13. d4 cxd4 14. Bd3 h6 15. Re1 Rfe8 16. Qg3 Kh8 17. b4 a6 18. Bb2 Qb6 19. h4 Bf8 20. Qf4 a5 21. b5 Ne7 22. Bxd4 Qc7 23. a4 Qd7 24. h5 Bf5 25. Qxh6+ gxh6 26. e6+ Bg7 27. exd7 Bxd7 28. Ne5 Be6 29. Re2 Kg8 30. Rae1 Nf5 31.
Bb6 Rac8 32. Kh2 Nd6 33. Bxa5 Ra8 34. Bc7 Ne4 35. Bxe4 dxe4 36. Rxe4 Bf5 37. Rf4 Bxc2 38. a5 Rac8 39. b6 Re6 40. Re3 Bf8 41. Rg3+ Bg7 42. Rxf7 Rxe5 43. Rgxg7+ 1-0

[Event "Late-Titled-Tuesday-Blitz-June-04-2024"]
[Site "Chess.com"]
[Date "2024.06.04"]
[Round "1"]
[White "BillCoe"]
[Black "yobdc"]
[Result "0-1"]
[WhiteElo "2114"]
[BlackElo "2540"]
[TimeControl "180+1"]
[EndTime "14:06:56 PDT"]
[Termination "yobdc won by resignation"]

1. e4 c5 2. Nf3 Nf6 3. e5 Nd5 4. c3 Nc6 5. d4 cxd4 6. cxd4 d6 7.
exd6 Qxd6 8. a3 g6 9. Bc4 Bg7 10. h3 O-O 11. O-O Nb6 12. Ba2 Nxd4 13. Nc3 Bf5 14.
Bg5 e5 15. Rc1 h6 16. Be3 Rad8 17. Bxd4 exd4 18. Nb5 Qf4 19. Nxa7 d3 20. Qd2 Qxd2 21. Nxd2 Bxb2 22. Rc7 Rd7 23. Rxd7 Nxd7 24. Nb5 Be5 25. Nf3 Bf4 26. Rd1 Nc5 27. Nfd4 Bd7 28. Nc3 Re8 29. Nd5 Be5 30. Nf3 Bg7 31. Nc7 Re2 32. Nd5 Rxa2 0-1